 Dungeon Crawl Stone Soup version 0.31-a0-986-g5e6e4ef867 (webtiles) character file.

Game seed: 2557598874806104559

6 dialectric the Sneak (level 1, -5/11 HPs)
             Began as a Spriggan Delver on Nov 24, 2023.
             Killed from afar by Ijyb (10 damage)
             ... with a puff of flame
             ... on level 3 of the Dungeon.
             The game lasted 00:01:13 (281 turns).

dialectric the Sneak (Spriggan Delver)               Turns: 281, Time: 00:01:13

Health: -5/11      AC:  2    Str:  8    XL:     1   Next: 75%
Magic:  2/2        EV: 17    Int: 11    God:
Gold:   34         SH:  0    Dex: 16    Spells: 0/0 levels left

rFire   . . .        a - +0 short sword
rCold   . . .        (no shield)
rNeg    . . .        b - +0 robe
rPois   .            (helmet restricted)
rElec   .            (no cloak)
rCorr   .            (gloves unavailable)
SInv    +            (boots unavailable)
Will    .....        (no amulet)
Stlth   ++++         (no ring)
HPRegen 0.21/turn    (no ring)
MPRegen 0.08/turn

%: no passive effects
@: very quick
A: very small, no large weapons, unfitting armour, see invisible, speed 3
a: no special abilities


You were on level 3 of the Dungeon.
You visited 1 branch of the dungeon, and saw 3 of its levels.

You collected 34 gold pieces.

Inventory:

Hand Weapons
 a - a +0 short sword (weapon)
Armour
 b - a +0 robe (worn)
Wands
 g - a wand of digging (3)
Scrolls
 c - a scroll of fog
 d - 2 scrolls of revelation
 e - a scroll of fear
Potions
 f - a potion of haste
 h - a potion of might {unknown}
 i - a potion of curing {unknown}


   Skills:
 + Level 2.5 Fighting
 + Level 2.3 Short Blades
 + Level 2.9 Dodging
 + Level 7.3 Stealth


You couldn't memorise any spells.
You didn't know any spells.
Your spell library was empty.

Dungeon Overview and Level Annotations

Branches:
Dungeon (5/15)
 Temple: D:4-7

Altars:

Annotations:
D:3 Ijyb


Innate Abilities, Weirdness & Mutations

You are very small and have problems with some larger weapons.
You are too small for most types of armour.
You have supernaturally acute eyesight. (SInv)
You cover ground extremely quickly. (Speed+++)


Message History

Moving in this stuff is going to be slow.
A worm comes into view.
A ball python comes into view.
The helpless ball python fails to defend itself.
You impale the ball python!!
You kill the ball python!
The ball python hisses angrily.
You hear an angry hiss.
You hit the rat but do no damage. You hit the rat.
The rat is heavily wounded.
The rat closely misses you. The rat attacks as it pursues you!
The rat misses you.
A rat comes into view.
The rat attacks as it pursues you!
The rat splashes around in the water.
An adder comes into view.
You barely miss the rat.
The rat is heavily wounded.
The rat splashes around in the water.
You hit the rat.
You kill the rat!
You barely miss the adder. The adder barely misses you. The adder bites you.
You are poisoned.
The adder poisons you!
You barely miss the adder.
You feel sick.
You hit the ball python but do no damage.
You feel sick. The adder closely misses you.
The ball python barely misses you. x2
Unknown command.
A giant cockroach comes into view.
You feel sick.
You feel sick.
You feel sick.
You feel sick.
You are no longer poisoned.
Ijyb shouts!
Found a stone staircase leading down.
You enter the shallow water.
Moving in this stuff is going to be slow.
Ijyb zaps a wand.
The puff of flame hits you!
Ouch! That really hurt!
You die...

#........# #.#
#........# #S#
#....†...####.###
#.....~...~.~..~## #
#......~~.~..S...## ≈#
###...............##≈#
#≈≈≈~~~≈~≈g§~~~≈≈≈≈≈#
≈≈≈≈≈≈~≈~~~~~§§~≈≈≈≈##
###..~.~.....~~.@.###
......~~~~~.~.#.#
........##.# .......
.# ...>... ## .......
.....## ....


You could see Ijyb, an adder and a ball python.

Vanquished Creatures
  An endoplasm (D:3)
  2 ball pythons (D:3)
  2 bats (D:3)
  2 rats (D:3)
7 creatures vanquished.

Notes
Turn   | Place    | Note
-------+----------+-------------------------------------------
     0 | D:5      | dialectric the Spriggan Delver began the quest for the Orb.
     0 | D:5      | Reached XP level 1. HP: 11/11 MP: 2/2
    70 | D:5      | Noticed an orc wizard
    70 | D:5      | Noticed an orc wizard
   110 | D:5      | Noticed a black bear
   125 | D:5      | Noticed a scorpion
   219 | D:3      | Noticed Ijyb
   281 | D:3      | Killed from afar by Ijyb

Illustrated notes

Levels and vault maps discovered:
D:3:      minmay_door_path, layout_basic, nicolae_ru_awakened_eye,
          mainiacjoe_sewer_entry_somewhere_in_here_2, serial_rivers,
          chequers_serial_rivers_small_3, chequers_serial_rivers_micro_b,
          chequers_serial_rivers_micro_b, chequers_serial_rivers_micro_a,
          chequers_serial_rivers_micro_b, chequers_serial_rivers_micro_a,
          uniq_ijyb
D:4:      layout_loops_cross, hangedman_decor_growths
D:5:      kennysheep_six_static_rooms, layout_gridville,
          minmay_temple_entry_proselytizer

Action                     || total
---------------------------++-------
  Melee: Short sword       ||    17
   Stab: Sleeping          ||     4
 Armour: Robe              ||     6
  Dodge: Dodged            ||    24

Table legend: (Time is in decaauts)
 A = Elapsed time spent in this place.
 B = Non-inter-level travel time spent in this place.
 C = Inter-level travel time spent in this place.
 D = Time resting spent in this place.
 E = Time spent auto-exploring this place.
 F = Levels seen in this place.
 G = Mean time per level.
                   A        B        C        D        E       F      G
               +--------+--------+--------+--------+--------+-----+--------+
         Total |    186 |    186 |      0 |      0 |     43 |   3 |   62.0 |
       Dungeon |    186 |    186 |      0 |      0 |     43 |   3 |   62.0 |
               +--------+--------+--------+--------+--------+-----+--------+

Top non-repeatable levels by time:
     D:3: 94 daAuts
     D:5: 88 daAuts
     D:4: 3 daAuts
